 Dungeon Sprint DCSS version 0.27-a0-67-g4bfc8a49e1 (webtiles) character file.

Game seed: 17793912810322604851

3162 mhtbhm the Carver (level 10, -2/83 HPs)
             Began as a Human Fighter on Jan 9, 2021.
             Was a High Priest of Okawaru.
             Slain by a komodo dragon (19 damage)
             ... in the Dungeon (Sprint IX: "|||||||||||||||||||||||||||||").
             The game lasted 00:01:36 (1088 turns).

mhtbhm the Carver (Human Fighter)                   Turns: 1088, Time: 00:01:37

Health: -2/83      AC: 18    Str: 19    XL:     10   Next: 15%
Magic:  10/10      EV:  7    Int: 11    God:    Okawaru [*****.]
Gold:   9          SH: 12    Dex: 17    Spells: 9/9 levels left

rFire    . . .     SeeInvis .   a - +2 scimitar (holy)
rCold    . . .     Faith    .   c - +0 kite shield
rNeg     . . .     Spirit   .   b - +0 plate armour
rPois    .         Reflect  .   o - +0 helmet
rElec    .         Harm     .   p - +0 cloak
rCorr    .         Rampage  .   (no gloves)
Will     .....     NoTele   +   (no boots)
Stlth    ..........             (no amulet)
HPRegen  0.23/turn              q - +3 ring of dexterity
MPRegen  0.12/turn              r - +3 ring of intelligence

@: very slightly contaminated, invisible
A: no striking features
a: Renounce Religion, Heroism, Finesse


You were in the Dungeon.
You worshipped Okawaru.
Okawaru was extremely pleased with you.
You visited 1 branch You collected 9 gold pieces.

Inventory:

Hand Weapons
 a - a +2 scimitar of holy wrath (weapon)
Armour
 b - a +0 plate armour (worn)
 c - a +0 kite shield (worn)
 o - a +0 helmet (worn)
 p - a +0 cloak (worn)
Jewellery
 q - a +3 ring of dexterity (left hand)
 r - a +3 ring of intelligence (right hand)
Wands
 n - a wand of acid (7)
Scrolls
 j - 4 scrolls of blinking
 l - 4 scrolls of remove curse
 m - 2 scrolls of amnesia
 s - 6 scrolls of enchant weapon
Potions
 d - a potion of might
 e - 6 potions of curing
 f - 4 potions of heal wounds
 g - a potion of haste
 h - 4 potions of magic
 i - 5 potions of berserk rage


   Skills:
 + Level 9.0 Fighting
 + Level 14.4 Long Blades
 + Level 11.2 Armour
 + Level 3.9 Dodging
 + Level 2.4 Stealth
 + Level 8.7 Shields
 + Level 2.8 Evocations


You had 9 spell levels left.
You didn't know any spells.
Your spell library was empty.

Dungeon Overview and Level Annotations

Branches:
Dungeon (1/1)

Altars:
Cheibriados
Dithmenos
Elyvilon
Fedhas
Gozag
Hepliaklqana
Kikubaaqudgha
Makhleb
Nemelex Xobeh
Okawaru
Qazlal
Ru
Sif Muna
Trog
Uskayaw
Vehumet
Wu Jian
Xom
Yredelemnul
Zin
The Shining One
Beogh
Jiyva
Lugonu


Message History

You hit the komodo dragon.
The komodo dragon is moderately wounded.
You block the komodo dragon's attack.
You closely miss the komodo dragon.
The komodo dragon is moderately wounded.
You strike the helpless komodo dragon from behind!
You slash the komodo dragon!
The komodo dragon is severely wounded.
The water moccasin hisses angrily.
The komodo dragon bites you.
* * * LOW HITPOINT WARNING * * *
The water moccasin hisses angrily.
You slash the komodo dragon!
The komodo dragon is almost dead.
The water moccasin hisses angrily.
You barely miss the komodo dragon.
The komodo dragon is almost dead.
The water moccasin hisses angrily.
The komodo dragon bites you!!
You die...

▓.▓.▓_▓
▓†▓.▓_▓
▓'▓.▓_▓
▓†▓.▓_▓
▓.▓.▓_▓
▓.▓.▓_▓
▓.▓.▓_▓
▓.▓.▓_▓
▓@▓.▓_▓
▓l▓.▓_▓
▓.▓.▓_▓
▓S▓.▓_▓
▓+▓.▓_▓
▓.▓_▓
▓.▓_▓
▓.▓_▓
▓.▓_▓


You could see a komodo dragon and a water moccasin (wandering).

Vanquished Creatures
  A two-headed ogre (D)
  An oklob plant (D)
  A black mamba (D)
  A cane toad (D)
  A komodo dragon (D)
  A troll (D)
  A blink frog (D)
  2 hornets (D)
  2 water moccasins (D)
  A sky beast (D)
  A big kobold (D)
  A hound (D)
  A hell rat (D)
  A worker ant (D)
  An adder (D)
  An ufetubus (D)
  A dart slug (D)
  3 orcs (D)
  A bat zombie (D)
  A giant cockroach (D)
  A quokka (D)
  A jackal zombie (D)
  2 kobolds (D)
  A rat (D)
29 creatures vanquished.

Notes
Turn   | Place    | Note
-------+----------+-------------------------------------------
     0 | D        | mhtbhm the Human Fighter began the quest for the Orb.
     0 | D        | Reached XP level 1. HP: 18/18 MP: 1/1
    27 | D        | Reached XP level 2. HP: 21/24 MP: 2/2
    72 | D        | Reached skill level 3 in Long Blades
    72 | D        | Reached XP level 3. HP: 22/30 MP: 3/3
    79 | D        | Reached skill level 4 in Long Blades
    79 | D        | Reached skill level 5 in Armour
    79 | D        | Reached skill level 1 in Dodging
    79 | D        | Reached XP level 4. HP: 18/38 MP: 4/4
    90 | D        | Found a roughly hewn altar of Beogh.
    90 | D        | Found a snail-covered altar of Cheibriados.
    90 | D        | Found a shadowy altar of Dithmenos.
    90 | D        | Found a white marble altar of Elyvilon.
    90 | D        | Found a blossoming altar of Fedhas.
    90 | D        | Found an opulent altar of Gozag.
    91 | D        | Found a hazy altar of Hepliaklqana.
    92 | D        | Found a viscous altar of Jiyva.
    93 | D        | Found an ancient bone altar of Kikubaaqudgha.
    94 | D        | Found a corrupted altar of Lugonu.
    95 | D        | Found a burning altar of Makhleb.
    96 | D        | Found a sparkling altar of Nemelex Xobeh.
    97 | D        | Found an iron altar of Okawaru.
    98 | D        | Found a stormy altar of Qazlal.
    99 | D        | Found a sacrificial altar of Ru.
   100 | D        | Found a shimmering blue altar of Sif Muna.
   101 | D        | Found a bloodstained altar of Trog.
   102 | D        | Found a hide-covered altar of Uskayaw.
   103 | D        | Found a radiant altar of Vehumet.
   104 | D        | Found an ornate altar of the Wu Jian Council.
   105 | D        | Found a shimmering altar of Xom.
   107 | D        | Became a worshipper of Warmaster Okawaru
   109 | D        | Found a basalt altar of Yredelemnul.
   110 | D        | Found a glowing silver altar of Zin.
   111 | D        | Found a glowing golden altar of the Shining One.
   272 | D        | Noticed a hornet
   272 | D        | Noticed a sky beast
   281 | D        | Paralysed by a hornet for 1 turns
   286 | D        | Killed a hornet
   286 | D        | Reached * piety under Okawaru
   287 | D        | Reached skill level 5 in Fighting
   287 | D        | Reached skill level 7 in Long Blades
   287 | D        | Reached skill level 5 in Shields
   287 | D        | Reached XP level 5. HP: 12/46 MP: 5/5
   287 | D        | Reached XP level 6. HP: 14/52 MP: 6/6
   297 | D        | Killed a sky beast
   297 | D        | Reached ** piety under Okawaru
   298 | D        | Reached skill level 8 in Long Blades
   406 | D        | Noticed a hornet
   406 | D        | Noticed a komodo dragon
   406 | D        | Noticed a two-headed ogre
   406 | D        | Noticed a troll
   410 | D        | Killed a hornet
   411 | D        | Reached skill level 10 in Long Blades
   411 | D        | Reached skill level 1 in Stealth
   411 | D        | Reached skill level 1 in Evocations
   411 | D        | Reached XP level 7. HP: 46/59 MP: 7/7
   412 | D        | Killed a komodo dragon
   412 | D        | Reached *** piety under Okawaru
   413 | D        | Reached skill level 11 in Long Blades
   413 | D        | Reached XP level 8. HP: 52/65 MP: 8/8
   417 | D        | Killed a two-headed ogre
   417 | D        | Reached **** piety under Okawaru
   418 | D        | Reached skill level 12 in Long Blades
   418 | D        | Reached XP level 9. HP: 21/72 MP: 9/9
   424 | D        | Killed a troll
   425 | D        | Reached skill level 10 in Armour
   857 | D        | Noticed a blink frog
   857 | D        | Noticed a black mamba
   857 | D        | Noticed a cane toad
   876 | D        | Killed a blink frog
   877 | D        | Reached skill level 13 in Long Blades
   893 | D        | Killed a black mamba
   916 | D        | Killed a cane toad
   916 | D        | Reached ***** piety under Okawaru
   917 | D        | Reached skill level 14 in Long Blades
   924 | D        | Noticed an oklob plant
   926 | D        | Reached XP level 10. HP: 50/82 MP: 10/10
  1065 | D        | Noticed a komodo dragon
  1083 | D        | Killed an oklob plant
  1088 | D        | Slain by a komodo dragon

Illustrated notes

Levels and vault maps discovered:
D:        linesprint [early_d, line_temple, items_1, d_10, items_2, lair_1,
          lair_end, items_3, orc_1, orc_end, items_4, d_15, swamp_1, shoals_1,
          snake_1, spider_1, d_20, vaults_1, items_5, swamp_end, shoals_end,
          snake_end, spider_end, vaults_end, d_27, items_6, zot_1, zot_end,
          crypt_end, forest_end, elf_end, slime_end, tomb_end, abyss_end,
          pan_hell_end]

Skill      XL: |  1  2  3  4  5  6  7  8  9 10 |
---------------+-------------------------------+-----
Fighting       | 4 5 6 7 8 9 |  9.0
Long Blades    | 3 4 7 10 11 12 14 | 14.4
Armour         | 4 5 7 8 9 11 | 11.2
Shields        | 4 5 6 7 8 |  8.7
Dodging        | 1 2 3 |  3.9
Stealth        | 1 2 |  2.4
Evocations     | 1 2 |  2.8

Action                   |  1- 3 |  4- 6 |  7- 9 | 10-12 || total
-------------------------+-------+-------+-------+-------++-------
Melee: Long sword        |    39 |     5 |       |       ||    44
       Scimitar          |       |    23 |    63 |    18 ||   104
Evoke: Wand              |       |     3 |       |       ||     3
  Use: Potion            |       |     2 |     1 |     1 ||     4
 Stab: Invisible         |       |       |       |     4 ||     4
Armor: Scale mail        |    16 |     2 |       |       ||    18
       Plate armour      |       |    20 |    21 |     3 ||    44
Dodge: Dodged            |    12 |     8 |    18 |       ||    38
Block: Kite shield       |    14 |    11 |    28 |     1 ||    54
       Rpst.: Long sword |     3 |     2 |       |       ||     5
       Scimitar          |       |     1 |     7 |       ||     8

Table legend: (Time is in decaauts)
 A = Elapsed time spent in this place.
 B = Non-inter-level travel time spent in this place.
 C = Inter-level travel time spent in this place.
 D = Time resting spent in this place.
 E = Time spent auto-exploring this place.
 F = Levels seen in this place.
 G = Mean time per level.
                   A        B        C        D        E       F      G
               +--------+--------+--------+--------+--------+-----+--------+
         Total |   1097 |   1097 |      0 |    467 |    318 |   1 | 1097.0 |
       Dungeon |   1097 |   1097 |      0 |    467 |    318 |   1 | 1097.0 |
               +--------+--------+--------+--------+--------+-----+--------+

Top non-repeatable levels by time:
       D: 1097 daAuts
